 Dungeon Sprint DCSS version 0.30.1-3-gfc49f6343a (webtiles) character file.

Game seed: 1843558600735943429

10300000 Groucho the Champion of Chaos (level 27, -1/221 (249) HPs)
             Began as a Gnoll Warper on July 23, 2023.
             Was the Champion of Makhleb.
             Killed from afar by a wretched soul (83 damage)
             ... with a bolt of negative energy
             ... in the Dungeon (Sprint VIII: "Arena of Blood").
             The game lasted 00:03:44 (103 turns).

Groucho the Champion of Chaos (Gnoll Warper)         Turns: 103, Time: 00:03:44

HP:   -1/221 (249)  AC:  6    Str: 18    XL:     27
MP:   32/54         EV: 27    Int: 16    God:    Makhleb [******]
Gold: 0             SH:  0    Dex: 15    Spells: 80/80 levels left

rFire   . . .        j - +∞ Axe of Woe
rCold   . . .        (shield currently unavailable)
rNeg    . . .        b - +0 leather armour
rPois   .            (no helmet)
rElec   .            (no cloak)
rCorr   .            (no gloves)
SInv    +            (no boots)
Will    ++...        (no amulet)
Stlth   +++++++++    c - ring of see invisible
HPRegen 0.56/turn    (no ring)
MPRegen 0.34/turn

%: no teleportation
@: marked, hasted and slowed, heavily drained
A: fangs 1, strong nose, distributed training
a: Renounce Religion, Minor Destruction, Lesser Servant of Makhleb, Major
Destruction, Greater Servant of Makhleb


You were in the Dungeon.
You worshipped Makhleb.
Makhleb was exalted by your worship.
You visited 1 branch

Inventory:

Hand Weapons
 a - a +0 hand axe
 j - the +∞ Axe of Woe (weapon)
   (You found it in the Dungeon)
Missiles
 d - 7 boomerangs of dispersal (quivered)
Armour
 b - a +0 leather armour (worn)
Jewellery
 c - a ring of see invisible (left hand)
Potions
 e - a potion of curing
 f - a potion of heal wounds
 h - 2 potions of magic
 i - a potion of berserk rage


   Skills:
 O Level 27 Fighting
 O Level 27 Short Blades
 O Level 27 Long Blades
 O Level 27 Axes
 O Level 27 Maces & Flails
 O Level 27 Polearms
 O Level 27 Staves
 O Level 27 Ranged Weapons
 O Level 27 Throwing
 O Level 27 Armour
 O Level 27 Dodging
 O Level 27 Stealth
 O Level 27 Shields
 O Level 27 Unarmed Combat
 O Level 27 Spellcasting
 O Level 27 Conjurations
 O Level 27 Hexes
 O Level 27 Summonings
 O Level 27 Necromancy
 O Level 27 Translocations
 O Level 27 Transmutations
 O Level 27 Fire Magic
 O Level 27 Ice Magic
 O Level 27 Air Magic
 O Level 27 Earth Magic
 O Level 27 Poison Magic
 O Level 27 Invocations
 O Level 27 Evocations


You had 80 spell levels left.
You didn't know any spells.
Your spell library contained the following spells:

 Spells                   Type           Power      Damage    Failure   Level
 Blink                    Tloc           100%       N/A       0%          2
 Lesser Beckoning         Tloc           100%       N/A       0%          2
 Teleport Other           Tloc           82%        N/A       0%          3
 Vhi's Electric Charge    Tloc/Air       100%       N/A       0%          3
 Manifold Assault         Tloc           82%        N/A       0%          4


Dungeon Overview and Level Annotations

Branches:
Dungeon (1/1)

Altars:
Makhleb

Annotations:
D The Defiler


Innate Abilities, Weirdness & Mutations

You have very sharp teeth.
Your uncanny sense of smell can sniff out nearby items.
Your experience applies equally to all skills.


Message History

A bag of meat comes into view. It is wielding a +9 war axe.
The bag of meat hits you with a +9 war axe!
A bag of meat comes into view. It is wielding a +9 war axe.
The tyrant mumbles some strange words.
The tyrant seems to speed up.
You hear a shout! x2
The accursed gestures at you while chanting.
Something smites you!
* * * LOW HITPOINT WARNING * * *
The bag of meat moves out of view.
Items here: )) ==.
You slice the bag of meat!!
You slaughter the bag of meat joyfully.
You kill the bag of meat!
Makhleb accepts your kill.
You feel better.
You slash the meat berserker!
You pulverise the meat berserker into a thin bloody mist.
You kill the meat berserker!
Makhleb accepts your kill.
You feel better.
You slice the bag of meat!!
You butcher the bag of meat messily.
You kill the bag of meat!
Makhleb accepts your kill.
You feel better.
You slash the bag of meat!
You slaughter the bag of meat joyfully.
You kill the bag of meat!
Makhleb accepts your kill.
You feel better.
The dread appears out of thin air!
A dread comes into view.
You hear a shout! x2
The dread calls on the powers of darkness!
The meat berserker convulses!
The Defiler convulses!
The meat berserker convulses! x2; The observer convulses!
The bag of meat convulses!
The observer convulses!
The bag of meat convulses!
Your body is wracked with pain!
The accursed points at you and mumbles some strange words.
Something smites you!
The wretched soul breathes negative energy at you.
The bolt of negative energy hits you!!!!
You feel drained.
You die...

################
####)..).).)§......
#o)@))))WWo)§......
#ooW.O))M)W##)##.#####
...oo...o...o).).§.o..
L..MO####.M...##.##..o
oLOV#....@.O.MW...Xz.z.


oWoV #...O..)O..#.#.X2. ooO #....G.WGM........ ## #..o.)W))o......
..#...)°))...... You could see 5 accurseds, 2 tyrants, 2 destroyers, 2
observers, The Defiler, 4 dreads, 7 meat berserkers, 4 wretched souls and 13
bags of meat.

Vanquished Creatures
  Sigmund (D)
  8 hell beasts (D)
  2 royal mummies (D)
  9 vampire knights (D)
  29 ogres (D)
  2 two-headed ogres (D)
  3 liches (D)
  A hydra (D)
  2 phantoms (D)
  58 orcs (D)
  5 skeletal warriors (D)
120 creatures vanquished.

Notes
Turn   | Place    | Note
-------+----------+-------------------------------------------
     0 | D        | Found the +∞ Axe of Woe
     0 | D        | Groucho the Gnoll Warper began the quest for the Orb.
     0 | D        | Reached XP level 1. HP: 20/20 MP: 6/6
     2 | D        | Noticed a bag of meat
     4 | D        | Noticed a bag of meat
     4 | D        | Became a worshipper of Makhleb the Destroyer
     4 | D        | Noticed a bag of meat
     6 | D        | Noticed a meat berserker
     7 | D        | Noticed a meat berserker
     7 | D        | Killed a bag of meat
     7 | D        | Noticed a meat berserker
     8 | D        | Reached skill level 10 in Short Blades
     8 | D        | Reached skill level 10 in Long Blades
     8 | D        | Reached skill level 10 in Maces & Flails
     8 | D        | Reached skill level 10 in Polearms
     8 | D        | Reached skill level 10 in Staves
     8 | D        | Reached skill level 10 in Ranged Weapons
     8 | D        | Reached skill level 10 in Throwing
     8 | D        | Reached skill level 10 in Armour
     8 | D        | Reached skill level 10 in Stealth
     8 | D        | Reached skill level 10 in Shields
     8 | D        | Reached skill level 10 in Unarmed Combat
     8 | D        | Reached skill level 10 in Translocations
     8 | D        | Reached skill level 10 in Evocations
     8 | D        | Reached XP level 2. HP: 37/37 MP: 7/14
     8 | D        | Reached XP level 3. HP: 43/43 MP: 7/15
     8 | D        | Reached XP level 4. HP: 50/50 MP: 7/17
     8 | D        | Reached XP level 5. HP: 55/55 MP: 7/18
     8 | D        | Reached XP level 6. HP: 62/62 MP: 7/20
     8 | D        | Reached XP level 7. HP: 68/68 MP: 7/21
     8 | D        | Reached XP level 8. HP: 75/75 MP: 7/23
     8 | D        | Reached XP level 9. HP: 81/81 MP: 7/24
     8 | D        | Reached XP level 10. HP: 87/87 MP: 7/25
     8 | D        | Reached XP level 11. HP: 93/93 MP: 7/26
     8 | D        | Noticed a bag of meat
     8 | D        | Killed a bag of meat
     8 | D        | Reached * piety under Makhleb
     8 | D        | Noticed a bag of meat
     9 | D        | Reached XP level 12. HP: 103/103 MP: 7/28
     9 | D        | Killed a bag of meat
     9 | D        | HP: 4/103 [meat berserker/+9 battleaxe (55)]
    10 | D        | Reached skill level 10 in Conjurations
    10 | D        | Reached skill level 10 in Hexes
    10 | D        | Reached skill level 10 in Summonings
    10 | D        | Reached skill level 10 in Necromancy
    10 | D        | Reached skill level 10 in Transmutations
    10 | D        | Reached skill level 10 in Fire Magic
    10 | D        | Reached skill level 10 in Ice Magic
    10 | D        | Reached skill level 10 in Air Magic
    10 | D        | Reached skill level 10 in Earth Magic
    10 | D        | Reached skill level 10 in Poison Magic
    10 | D        | Killed a meat berserker
    10 | D        | Killed a meat berserker
    10 | D        | Reached ** piety under Makhleb
    10 | D        | Killed a bag of meat
    10 | D        | Noticed a meat berserker
    10 | D        | Noticed a bag of meat
    10 | D        | Noticed a bag of meat
    11 | D        | Reached skill level 15 in Short Blades
    11 | D        | Reached skill level 15 in Long Blades
    11 | D        | Reached skill level 15 in Maces & Flails
    11 | D        | Reached skill level 15 in Polearms
    11 | D        | Reached skill level 15 in Staves
    11 | D        | Reached skill level 15 in Ranged Weapons
    11 | D        | Reached skill level 15 in Stealth
    11 | D        | Reached skill level 15 in Shields
    11 | D        | Reached skill level 15 in Unarmed Combat
    11 | D        | Reached skill level 15 in Evocations
    11 | D        | Reached XP level 13. HP: 48/119 MP: 7/33
    11 | D        | Reached XP level 14. HP: 50/126 MP: 7/34
    11 | D        | Killed a meat berserker
    11 | D        | Noticed a bag of meat
    11 | D        | Noticed a large bag of meat
    12 | D        | Reached skill level 15 in Translocations
    12 | D        | Reached XP level 15. HP: 54/134 MP: 8/36
    15 | D        | Noticed a meat berserker
    18 | D        | Killed a meat berserker
    18 | D        | Reached *** piety under Makhleb
    18 | D        | Killed a meat berserker
    19 | D        | Reached XP level 16. HP: 108/146 MP: 9/39
    19 | D        | Noticed a meat berserker
    20 | D        | Noticed a meat berserker
    21 | D        | Noticed a meat berserker
    22 | D        | Reached **** piety under Makhleb
    22 | D        | Noticed a large bag of meat
    24 | D        | Killed a meat berserker
    24 | D        | Reached ***** piety under Makhleb
    24 | D        | Killed a meat berserker
    25 | D        | Reached XP level 17. HP: 160/160 MP: 11/43
    26 | D        | Reached XP level 18. HP: 172/172 MP: 11/45
    27 | D        | Reached ****** piety under Makhleb
    28 | D        | Noticed a meat berserker
    29 | D        | Reached XP level 19. HP: 182/182 MP: 12/47
    29 | D        | Killed a meat berserker
    30 | D        | Reached skill level 27 in Invocations
    30 | D        | Noticed a meat berserker
    31 | D        | Noticed a sculptor of flesh
    31 | D        | Killed a large bag of meat
    31 | D        | Noticed an eight-headed meat hydra
    32 | D        | Reached skill level 27 in Spellcasting
    32 | D        | Reached XP level 20. HP: 162/196 MP: 12/51
    32 | D        | Noticed a meat berserker
    33 | D        | Reached skill level 27 in Fighting
    33 | D        | Reached skill level 27 in Short Blades
    33 | D        | Reached skill level 27 in Long Blades
    33 | D        | Reached skill level 27 in Axes
    33 | D        | Reached skill level 27 in Maces & Flails
    33 | D        | Reached skill level 27 in Polearms
    33 | D        | Reached skill level 27 in Staves
    33 | D        | Reached skill level 27 in Ranged Weapons
    33 | D        | Reached skill level 27 in Throwing
    33 | D        | Reached skill level 27 in Armour
    33 | D        | Reached skill level 27 in Dodging
    33 | D        | Reached skill level 27 in Stealth
    33 | D        | Reached skill level 27 in Shields
    33 | D        | Reached skill level 27 in Unarmed Combat
    33 | D        | Reached skill level 27 in Evocations
    34 | D        | Killed a meat berserker
    36 | D        | Killed a meat berserker
    36 | D        | Killed a meat berserker
    36 | D        | Noticed a meat berserker
    37 | D        | Reached skill level 27 in Conjurations
    37 | D        | Reached skill level 27 in Hexes
    37 | D        | Reached skill level 27 in Summonings
    37 | D        | Reached skill level 27 in Necromancy
    37 | D        | Reached skill level 27 in Translocations
    37 | D        | Reached skill level 27 in Transmutations
    37 | D        | Reached skill level 27 in Fire Magic
    37 | D        | Reached skill level 27 in Ice Magic
    37 | D        | Reached skill level 27 in Air Magic
    37 | D        | Reached skill level 27 in Earth Magic
    37 | D        | Reached skill level 27 in Poison Magic
    37 | D        | Reached XP level 21. HP: 198/204 MP: 14/52
    40 | D        | Noticed a destroyer
    41 | D        | Killed a nine-headed meat hydra
    41 | D        | Killed a meat berserker
    44 | D        | Noticed a meat berserker
    45 | D        | Noticed a tyrant
    45 | D        | Noticed a meat berserker
    45 | D        | Noticed a meat berserker
    47 | D        | Noticed a destroyer
    47 | D        | Noticed a large bag of meat
    48 | D        | Noticed a meat berserker
    48 | D        | Noticed a destroyer
    49 | D        | Killed a destroyer
    49 | D        | Noticed a meat berserker
    50 | D        | Killed a meat berserker
    50 | D        | Noticed a meat berserker
    51 | D        | Killed a destroyer
    52 | D        | Reached XP level 22. HP: 212/212 MP: 18/53
    53 | D        | Noticed an accursed
    54 | D        | Noticed a tyrant
    55 | D        | Killed a destroyer
    57 | D        | Reached XP level 23. HP: 219/219 MP: 19/54
    58 | D        | Noticed a meat beast
    58 | D        | Noticed a destroyer
    59 | D        | Killed a large bag of meat
    59 | D        | Noticed a destroyer
    59 | D        | Noticed a destroyer
    61 | D        | Killed a destroyer
    62 | D        | Noticed a tyrant
    63 | D        | Killed a meat beast
    63 | D        | Killed an accursed
    63 | D        | Killed a destroyer
    64 | D        | Reached XP level 24. HP: 200/227 MP: 21/54
    64 | D        | Killed a destroyer
    65 | D        | Reached XP level 25. HP: 155/234 MP: 21/54
    67 | D        | Killed a tyrant
    68 | D        | Noticed a meat beast
    72 | D        | Noticed an accursed
    74 | D        | Noticed a destroyer
    79 | D        | Noticed a destroyer
    79 | D        | Noticed a meat beast
    81 | D        | Reached XP level 26. HP: 242/242 MP: 26/54
    81 | D        | Noticed a meat beast
    81 | D        | Noticed a meat beast
    83 | D        | Killed a meat beast
    83 | D        | Killed a meat beast
    84 | D        | Reached XP level 27. HP: 249/249 MP: 26/54
    84 | D        | Killed a destroyer
    85 | D        | Killed a meat beast
    87 | D        | Killed a meat beast
    87 | D        | Noticed The Captor
    88 | D        | Killed a tyrant
    89 | D        | Killed an accursed
    90 | D        | Noticed an accursed
    91 | D        | Noticed an accursed
    91 | D        | Noticed a meat beast
    92 | D        | Noticed a destroyer
    92 | D        | Noticed a destroyer
    93 | D        | Killed a destroyer
    94 | D        | Noticed an accursed
    95 | D        | Killed The Captor
    96 | D        | Noticed an accursed
    96 | D        | Killed a meat beast
    96 | D        | Noticed a meat beast
    96 | D        | Noticed a meat beast
    96 | D        | Noticed an accursed
    97 | D        | Killed a tyrant
    97 | D        | Noticed a dread
    98 | D        | Noticed an accursed
    98 | D        | Noticed a dread
    99 | D        | Noticed The Defiler
    99 | D        | Noticed a destroyer
   100 | D        | Killed a meat beast
   101 | D        | Killed a destroyer
   101 | D        | Killed a meat beast
   101 | D        | Noticed a dread
   102 | D        | Noticed a tyrant
   102 | D        | Noticed a tyrant
   103 | D        | Killed from afar by a wretched soul

Illustrated notes

Levels and vault maps discovered:
D:        meatsprint

Skill      XL: |  1  2  3  4  5  6  7  8  9 10 11 12 13 14 15 16 17 18 19 20 |
---------------+-------------------------------------------------------------+-----
Fighting       | 11 12 16 17 19 21 23 24 26 27 | 27.0
Short Blades   | 10 11 15 16 18 21 23 24 26 27 | 27.0
Long Blades    | 10 11 15 16 18 21 23 24 26 27 | 27.0
Axes           | 11 12 16 17 19 21 23 24 26 27 | 27.0
Maces & Flails | 10 11 15 16 18 21 23 24 26 27 | 27.0
Polearms       | 10 11 15 16 18 21 23 24 26 27 | 27.0
Staves         | 10 11 15 16 18 21 23 24 26 27 | 27.0
Ranged Weapons | 10 11 15 16 18 21 23 24 26 27 | 27.0
Throwing       | 10 11 16 17 19 21 23 24 26 27 | 27.0
Armour         | 10 11 16 17 19 21 23 24 26 27 | 27.0
Dodging        | 11 12 16 17 19 21 23 24 26 27 | 27.0
Stealth        | 10 11 15 16 18 21 23 24 26 27 | 27.0
Shields        | 10 11 15 16 18 21 23 24 26 27 | 27.0
Unarmed Combat | 10 11 15 16 18 21 23 24 26 27 | 27.0
Spellcasting   | 11 12 16 17 19 22 23 24 27 | 27.0
Conjurations   | 8 9 13 14 16 18 19 20 22 27 | 27.0
Hexes          | 8 9 13 14 16 18 19 20 22 27 | 27.0
Summonings     | 8 9 13 14 16 18 19 20 22 27 | 27.0
Necromancy     | 8 9 13 14 16 18 19 20 22 27 | 27.0
Translocations | 10 11 14 15 16 19 20 21 23 27 | 27.0
Transmutations | 8 9 13 14 16 18 19 20 22 27 | 27.0
Fire Magic     | 8 9 13 14 16 18 19 20 22 27 | 27.0
Ice Magic      | 8 9 13 14 16 18 19 20 22 27 | 27.0
Air Magic      | 8 9 13 14 16 18 19 20 22 27 | 27.0
Earth Magic    | 8 9 13 14 16 18 19 20 22 27 | 27.0
Poison Magic   | 8 9 13 14 16 18 19 20 22 27 | 27.0
Invocations    | 11 12 17 18 20 23 24 26 27 | 27.0
Evocations     | 10 11 15 16 18 21 23 24 26 27 | 27.0

Action                     |  1- 3 |  4- 6 |  7- 9 | 10-12 | 13-15 | 16-18 | 19-21 | 22-24 | 25-27 || total
---------------------------+-------+-------+-------+-------+-------+-------+-------+-------+-------++-------
  Melee: Executioner's axe |     1 |       |       |     3 |     2 |     6 |    14 |    10 |    27 ||    63
    Use: Scroll            |       |       |       |       |     1 |     1 |       |       |       ||     2
         Potion            |       |       |       |       |       |       |       |       |     1 ||     1
 Armour: Leather armour    |       |       |       |       |       |       |       |     2 |     1 ||     3
  Dodge: Dodged            |       |       |       |     1 |     1 |       |       |       |     1 ||     3
